 Dungeon Crawl Stone Soup version 0.20.0-8-g6b59dc7 (webtiles) character file.

1858 Hasart the Poker (level 9, -1/61 HPs)
             Began as an Octopode Fighter on May 30, 2017.
             Was an Initiate of Gozag.
             Slain by an orc
             ... wielding a +0 trident
              (5 damage)
             ... on level 6 of the Dungeon.
             The game lasted 00:11:21 (4876 turns).

Hasart the Poker (Octopode Fighter)                 Turns: 4876, Time: 00:11:22

Health: -1/61      AC:  1    Str: 17    XL:     9   Next: 13%
Magic:  10/10      EV: 14    Int: 10    God:    Gozag
Gold:   345        SH: 10    Dex: 13    Spells: 8/8 levels left

rFire    . . .     SeeInvis .   a - +1 trident
rCold    + . .     Gourm    .   b - +0 shield
rNeg     . . .     Faith    .   (helmet restricted)
rPois    .         Spirit   .   r - amulet of regeneration
rElec    .         Reflect  .   w - ring of protection from cold
rCorr    .         Harm     .   (no ring)
MR       .....                  (no ring)
Stlth    +++.......             (no ring)
Regen    0.6/turn               (no ring)
MPRegen  0.2/turn               (no ring)
                                (no ring)
                                (no ring)

@: marked, gold aura
A: almost no armour, stealthy swim, amphibious, 8 rings, constrict 8, camouflage
1, gelatinous body 1
a: Potion Petition, Call Merchant, Bribe Branch, Renounce Religion


You were on level 6 of the Dungeon.
You worshipped Gozag.
Gozag was aware of your devotion.
You were hungry.

You visited 2 branches of the dungeon, and saw 7 of its levels.

You collected 397 gold pieces.
You paid 52 gold pieces to Gozag.

Inventory:

Hand Weapons
 a - a +1 trident (weapon)
Armour
 b - a +0 shield (worn)
Jewellery
 r - an amulet of regeneration (around mantle)
 v - an uncursed amulet of faith
 w - a ring of protection from cold (left tentacle)
 B - a +3 ring of strength {unknown}
 C - an uncursed ring of protection from cold
Wands
 u - a wand of random effects (25/48)
 z - a wand of confusion (20/48)
Scrolls
 e - 8 scrolls of identify {unknown}
 g - 3 scrolls of teleportation {unknown}
 j - 3 scrolls of fog {unknown}
 n - 3 scrolls of remove curse {unknown}
 s - 3 scrolls of amnesia {unknown}
 y - a scroll of noise {unknown}
Potions
 f - 2 potions of curing
 k - a potion of ambrosia {unknown}
 l - 2 potions of lignification {unknown}
 o - 2 potions of mutation {unknown}
 p - a potion of magic {unknown}
 q - a potion of haste
 t - 2 potions of heal wounds {unknown}
 x - a potion of flight {unknown}
 A - a potion of might
Books
 c - a book of Changes

   Spells                             Type                      Level
   a - Beastly Appendage              Transmutation                1
   b - Sticks to Snakes               Transmutation                2
   c - Spider Form                    Transmutation/Poison         3
   d - Ice Form                       Ice/Transmutation            4
   e - Blade Hands                    Transmutation                5
Comestibles
 d - 5 bread rations
 h - a royal jelly
 i - 7 meat rations


   Skills:
 + Level 5.6 Fighting
 * Level 7.5 Polearms
 + Level 5.7 Dodging
 - Level 3.0 Stealth
 + Level 5.4 Shields
 * Level 2.5 Evocations


You had 8 spell levels left.
You didn't know any spells.

Dungeon Overview and Level Annotations

Branches:
Dungeon (6/15)             Temple (1/1) D:4

Altars:
Cheibriados
Dithmenos
Elyvilon
Fedhas
Gozag
Hepliaklqana
Makhleb
Nemelex Xobeh
Qazlal
Ru
Sif Muna
Zin
The Shining One

Annotations:
D:4 Fairytaker's ghost, amateur GrFi
D:6 Edmund


Innate Abilities, Weirdness & Mutations

You cannot wear most types of armour.
You are very stealthy in the water. (Stealth+)
You are amphibious.
You can wear up to eight rings at the same time.
You can use your tentacles to constrict eight enemies at once.
Your skin changes colour to match your surroundings (Stealth+).
Your rubbery body absorbs attacks. (AC +1, EV +1)


Message History

Unknown command.
An iguana and an orc come into view.
Something hits you but does no damage. The iguana is distracted by your gold.
Edmund the Younger comes into view.
He is wielding a flail of protection.
The iguana is no longer distracted by gold.
An orc comes into view. It is wielding a club.
As you read the scroll labeled ONTULAO ZAVIDE, it crumbles to dust.
It is a scroll of enchant weapon.
Your +0 trident glows red for a moment.
Something hits you. The iguana completely misses you.
Unknown command.
The orc hits you from afar with a trident.
You block the iguana's attack.
Edmund hits you with a flail of protection.
* * * LOW HITPOINT WARNING * * *
The orc barely misses you. The iguana bites you!
* * * LOW HITPOINT WARNING * * *
The orc hits you from afar with a trident.
You die...
Your body crumbles into a pile of gold.

$ ### #.. #.######
#.##... .....
#######.##@#######.#
##...#
....{.......@.......
.....
######.##l#o####..#
#...# #$#...o.......
#...#
#.####.############...#
#.##...................
#.##.........###......#
#.##.........# #.......
...#.........# #....###
#
####.........###.......


You could see Edmund, an iguana and 2 orcs.

Vanquished Creatures
  Prince Ribbit (D:5)
  Sigmund (D:5)
  A water moccasin (D:6)
  2 ice beasts
  4 ogres
  A centaur (D:5)
  A crocodile (D:4)
  A bullfrog (D:6)
  2 scorpions
  A howler monkey (D:4)
  A hound (D:5)
  A bullfrog skeleton (D:4)
  A gnoll shaman (D:6)
  An orc priest (D:6)
  Crazy Yiuf (D:2)
  Natasha (thrice) (D:2)
  2 orc wizards (D:4)
  3 worker ants
  Robin (D:2)
  4 gnolls (D:6)
  4 adders
  An adder skeleton (D:5)
  2 worms (D:3)
  4 dart slugs
  4 leopard geckos
  8 orcs
  2 ball pythons
  4 giant cockroaches
  14 goblins
  9 hobgoblins
  4 jackals
  2 quokkas
  5 bats
  5 frilled lizards
  8 kobolds
  7 rats
  A butterfly (D:4)
117 creatures vanquished.

Vanquished Creatures (others)
  Blork the orc (D:5)
1 creature vanquished.

Grand Total: 118 creatures vanquished

Notes
Turn   | Place    | Note
-------+----------+-------------------------------------------
     0 | D:1      | Hasart the Octopode Fighter began the quest for the Orb.
     0 | D:1      | Reached XP level 1. HP: 16/16 MP: 1/1
   125 | D:1      | Reached XP level 2. HP: 21/21 MP: 2/2
   760 | D:1      | Reached XP level 3. HP: 18/26 MP: 3/3
   912 | D:1      | Reached skill level 1 in Stealth
  1090 | D:2      | Noticed Robin
  1115 | D:2      | Killed Robin
  1122 | D:2      | Reached skill level 3 in Polearms
  1128 | D:2      | Reached XP level 4. HP: 27/31 MP: 4/4
  1221 | D:2      | Found a runed door.
  1284 | D:2      | Noticed Natasha
  1293 | D:2      | Killed Natasha
  1586 | D:2      | Noticed Natasha
  1607 | D:2      | Killed Natasha
  1607 | D:2      | Reached XP level 5. HP: 30/36 MP: 5/5
  1611 | D:2      | Noticed Natasha
  1618 | D:2      | Killed Natasha
  2009 | D:2      | Noticed Crazy Yiuf
  2015 | D:2      | Killed Crazy Yiuf
  2146 | D:3      | Found a sparkling altar of Nemelex Xobeh.
  2156 | D:3      | Reached skill level 4 in Polearms
  2424 | D:3      | Found a stormy altar of Qazlal.
  2434 | D:3      | Found a blossoming altar of Fedhas.
  2451 | D:3      | Reached XP level 6. HP: 39/42 MP: 6/6
  2565 | D:3      | Found a glowing silver altar of Zin.
  2565 | D:3      | Found a sacrificial altar of Ru.
  2840 | D:4      | Noticed an ice beast
  2850 | D:4      | Killed an ice beast
  2954 | D:4      | Found a hazy altar of Hepliaklqana.
  2986 | D:4      | Reached XP level 7. HP: 47/48 MP: 7/7
  2990 | D:4      | Reached skill level 5 in Polearms
  3136 | D:4      | Noticed Fairytaker's ghost (amateur GrFi)
  3436 | D:4      | Found a staircase to the Ecumenical Temple.
  3521 | Temple   | Entered the Ecumenical Temple
  3551 | Temple   | Became a worshipper of Gozag Ym Sagoz the Greedy
  3695 | D:4      | Reached XP level 8. HP: 54/54 MP: 8/8
  3909 | D:5      | Entered Level 5 of the Dungeon
  3909 | D:5      | Found a sacrificial altar of Ru.
  3912 | D:5      | Reached skill level 6 in Polearms
  4018 | D:5      | Noticed Sigmund
  4035 | D:5      | Killed Sigmund
  4035 | D:5      | Reached skill level 5 in Fighting
  4035 | D:5      | Reached skill level 5 in Dodging
  4125 | D:5      | Found a snail-covered altar of Cheibriados.
  4158 | D:5      | Noticed Prince Ribbit
  4161 | D:5      | Noticed Blork the orc
  4172 | D:5      | Killed Prince Ribbit
  4172 | D:5      | Reached skill level 5 in Shields
  4173 | D:5      | Killed Blork the orc
  4179 | D:5      | Reached skill level 7 in Polearms
  4698 | D:6      | Reached skill level 1 in Evocations
  4702 | D:6      | Reached XP level 9. HP: 57/61 MP: 9/9
  4872 | D:6      | Noticed Edmund
  4875 | D:6      | HP: 3/61 [iguana (14)]
  4876 | D:6      | Slain by an orc

Skill      XL: |  1  2  3  4  5  6  7  8  9 |
---------------+----------------------------+-----
Stealth        | 1 2 3 |  3.0
Polearms       | 3 4 5 7 |  7.5
Fighting       | 4 5 |  5.6
Dodging        | 4 5 |  5.7
Shields        | 4 5 |  5.4
Evocations     | 1 2 |  2.5

Action                   |  1- 3 |  4- 6 |  7- 9 || total
-------------------------+-------+-------+-------++-------
Melee: Trident           |    63 |   110 |   129 ||   302
       Constrict         |    15 |    24 |    22 ||    61
       Tentacles         |     5 |    22 |    32 ||    59
Invok: Potion Petition   |       |       |     1 ||     1
  Use: Potion            |       |       |     2 ||     2
       Scroll            |       |       |     1 ||     1
 Stab: Sleeping          |     6 |    12 |     8 ||    26
       Invisible         |       |       |     4 ||     4
  Eat: Chunk             |       |     6 |     2 ||     8
       Royal jelly       |       |       |     2 ||     2
Armor: Skin              |     2 |     7 |       ||     9
Dodge: Dodged            |    20 |    31 |    60 ||   111
Block: Shield            |    12 |    28 |    43 ||    83
